 Dungeon Crawl Stone Soup version 0.20.0-15-g7f486f2 (webtiles) character file.

3389 Hook the Ruffian (level 10, -29/56 HPs)
             Began as a Gargoyle Transmuter on June 26, 2017.
             Was an Elder of Okawaru.
             Annihilated by a komodo dragon (33 damage)
             ... on level 9 of the Dungeon.
             The game lasted 00:31:42 (8042 turns).

Hook the Ruffian (Gargoyle Transmuter)              Turns: 8042, Time: 00:31:42

Health: -29/56     AC:  2    Str: 15      XL:     10   Next: 4%
Magic:  7/14       EV: 22    Int: 17 (18) God:    Okawaru [****..]
Gold:   395        SH:  0    Dex: 11 (15) Spells: 8/15 levels left

rFire    + . .     SeeInvis .     - Unarmed
rCold    x . .     Gourm    .   (shield currently unavailable)
rNeg     + . .     Faith    .   (armour currently unavailable)
rPois    ∞         Spirit   .   (helmet currently unavailable)
rElec    .         Reflect  .   (cloak currently unavailable)
rCorr    .         Harm     .   (gloves currently unavailable)
MR       .....                  (boots currently unavailable)
Stlth    ++........             (no amulet)
Regen    0.2/turn               e - ring of fire
MPRegen  0.2/turn               y - +2 ring of strength

@: spider-form
A: blurry vision 1, deterioration 1, negative energy resistance 1, wild magic 1,
petrification resistance, rot immunity, AC +7
a: End Transformation, Heroism, Renounce Religion


You were on level 9 of the Dungeon.
You worshipped Okawaru.
Okawaru was greatly pleased with you.
You were not hungry.
You were a venomous arachnid creature.
You visited 2 branches of the dungeon, and saw 10 of its levels.

You collected 434 gold pieces.
You spent 39 gold pieces at shops.

Inventory:

Missiles
 a - 51 arrows
Armour
 m - a +1 troll leather armour (melded) {Purgy}
 z - a +0 pair of gloves (melded)
Jewellery
 e - a ring of fire (left front leg)
 y - a +2 ring of strength (right front leg)
Wands
 v - a wand of flame (34/48)
 w - a wand of digging (17/24)
 A - a wand of confusion (19/48)
Scrolls
 i - 3 scrolls of identify
 j - 3 scrolls of teleportation
 r - a scroll of immolation
 x - 2 scrolls of fear
 B - a scroll of fog
 C - a scroll of remove curse
 D - 2 scrolls of blinking
Potions
 h - a potion of brilliance {unknown}
 k - a potion of curing
 l - a potion of heal wounds {unknown}
 n - a potion of resistance {unknown}
 o - a potion of berserk rage {unknown}
 s - a potion of invisibility {unknown}
 t - a potion of might {unknown}
Books
 c - a book of Changes

   Spells                             Type                      Level
   a - Beastly Appendage              Transmutation                1
   b - Sticks to Snakes               Transmutation                2
   c - Spider Form                    Transmutation/Poison         3
   d - Ice Form                       Ice/Transmutation            4
   e - Blade Hands                    Transmutation                5
 q - a book of Flames

   Spells                             Type                      Level
   a - Flame Tongue                   Conjuration/Fire             1
   b - Throw Flame                    Conjuration/Fire             2
   c - Conjure Flame                  Conjuration/Fire             3
   d - Inner Flame                    Hexes/Fire                   3
   e - Sticky Flame                   Conjuration/Fire             4
   f - Fireball                       Conjuration/Fire             5
Comestibles
 d - a bread ration
 g - 5 meat rations
 u - 7 fruits


   Skills:
 * Level 3.6 Fighting
 + Level 3.4 Armour
 * Level 5.4 Dodging
 - Level 2.0 Stealth
 + Level 7.3 Unarmed Combat
 + Level 3.2 Spellcasting
 * Level 3.4 Conjurations
 * Level 5.2 Transmutations
 * Level 2.0 Fire Magic
 - Level 4.2 Poison Magic
 + Level 0.4 Invocations


You had 8 spell levels left.
You knew the following spells:

 Your Spells              Type           Power        Failure   Level  Hunger
a - Beastly Appendage     Tmut           ####..       12%         1    None
b - Spider Form           Tmut/Pois      ###.......   28%         3    ###....
c - Sticks to Snakes      Tmut           ####....     16%         2    ##.....
d - Flame Tongue          Conj/Fire      ###..        22%         1    None


Dungeon Overview and Level Annotations

Branches:
Dungeon (9/15)             Temple (1/1) D:4            Lair (0/6) D:9
    Orc (0/2) D:9

Altars:
Ashenzari
Cheibriados
Dithmenos
Elyvilon
Gozag
Nemelex Xobeh
Okawaru
Sif Muna
Trog
Zin

Shops:
D:7 !

Annotations:
D:2 Sigmund
D:4 angvis's ghost, novice MiBe


Innate Abilities, Weirdness & Mutations

You are resistant to torment.
((Your stone body is resilient. (AC +7)))
You are immune to poison.
You resist negative energy. (rN+)
((You are resistant to electric shocks. (rElec)))
((You can survive without breathing.))
You are immune to petrification.
You are immune to rotting.
((You have large cloven feet.))
Scrolls take you a little longer to read.
Your body sometimes deteriorates upon taking damage.
Your spells are a little harder to cast, but a little more powerful.


Message History

Your ball python bites the komodo dragon but does no damage.
The komodo dragon closely misses you. Something hits you.
* * * LOW HITPOINT WARNING * * *
Something shocks you.
* * * LOW HITPOINT WARNING * * *
Your ball python barely misses something.
You hit the komodo dragon but do no damage.
The komodo dragon is moderately wounded.
Your ball python closely misses the komodo dragon.
The komodo dragon closely misses you. Something misses you.
Your adder barely misses something.
Something hits you.
* * * LOW HITPOINT WARNING * * *
Something shocks you.
* * * LOW HITPOINT WARNING * * *
Your ball python bites something but does no damage.
You bite something!
Your ball python bites the komodo dragon.
Your adder bites something.
The komodo dragon bites you!!
Ouch! That really hurt!
You die...

###># #...# #.....
#.### 8...8 #.#
##_## #.# #### #.#
#..# #.# ###########
#..# #.#
#...S.sl..####.###.#
#...S.S......$.....#
#..######.##.#.#####
#.. #.##.#.......#
#.. #.##.#/#####)#


#YY #.##.#.# ... #.##.#.# .... #.##.#.# .### #.##.#.# You could see a komodo
dragon, a friendly adder and 2 friendly ball pythons.

Vanquished Creatures
  Psyche (D:8)
  A centaur zombie (D:6)
  A hippogriff (D:9)
  Purgy (D:3)
  An ice beast (D:7)
  2 black bears
  A necrophage (D:9)
  A phantom (D:7)
  2 orc warriors
  2 ogres (D:6)
  A centaur (D:9)
  A gnoll sergeant (D:7)
  4 bullfrogs
  4 scorpions
  3 crimson imps
  A bullfrog zombie (D:5)
  3 howler monkeys
  A lava snake (D:7)
  3 quasits
  A centaur skeleton (D:8)
  A jelly (D:7)
  A bullfrog skeleton (D:7)
  An orc priest (D:8)
  2 orc wizards (D:5)
  5 hounds
  Terence (D:2)
  2 worker ants
  A hound skeleton (D:6)
  2 worker ant zombies (D:5)
  5 gnolls (D:7)
  16 adders
  3 shadow imps
  2 oozes
  2 adder zombies
  2 worms
  2 dart slugs
  2 leopard geckos
  16 orcs
  5 bats
  2 giant cockroaches
  A goblin (D:3)
  8 hobgoblins
  6 jackals (D:1)
  3 quokkas
  3 frilled lizards
  4 kobolds
  12 rats
145 creatures vanquished.

Vanquished Creatures (others)
  A plant (D:9)
1 creature vanquished.

Grand Total: 146 creatures vanquished

Notes
Turn   | Place    | Note
-------+----------+-------------------------------------------
     0 | D:1      | Hook the Gargoyle Transmuter began the quest for the Orb.
     0 | D:1      | Reached XP level 1. HP: 12/12 MP: 3/3
   203 | D:1      | Reached XP level 2. HP: 12/16 MP: 3/5
  1070 | D:1      | Reached XP level 3. HP: 20/20 MP: 4/6
  1087 | D:1      | Learned a level 3 spell: Spider Form
  1231 | D:1      | Gained mutation: Scrolls take you a little longer to read. [potion of mutation]
  1231 | D:1      | Gained mutation: Your magical capacity is low. (-10% MP) [potion of mutation]
  1231 | D:1      | Gained mutation: Your spells are a little harder to cast, but a little more powerful. [potion of mutation]
  1231 | D:1      | Gained mutation: You possess an exceptional clarity of mind. [potion of mutation]
  1627 | D:2      | Noticed Terence
  1675 | D:2      | Killed Terence
  1675 | D:2      | Reached XP level 4. HP: 17/25 MP: 2/6
  1817 | D:2      | Noticed Sigmund
  1912 | D:2      | Lost mutation: You possess an exceptional clarity of mind. [potion of mutation]
  1912 | D:2      | Lost mutation: Your magical capacity is low. (-10% MP) [potion of mutation]
  1912 | D:2      | Gained mutation: Your body sometimes deteriorates upon taking damage. [potion of mutation]
  1912 | D:2      | Gained mutation: You have large cloven feet. [potion of mutation]
  1963 | D:3      | Reached skill level 1 in Poison Magic
  1995 | D:3      | Noticed Purgy
  2345 | D:3      | Reached skill level 1 in Stealth
  2470 | D:3      | Reached XP level 5. HP: 29/29 MP: 6/8
  2501 | D:3      | Learned a level 2 spell: Sticks to Snakes
  2684 | D:3      | Killed Purgy
  2684 | D:3      | Reached skill level 1 in Armour
  2684 | D:3      | Reached skill level 4 in Unarmed Combat
  2684 | D:3      | Reached XP level 6. HP: 29/34 MP: 5/9
  3077 | D:4      | Found a shadowy altar of Dithmenos.
  3200 | D:4      | Found a staircase to the Ecumenical Temple.
  3209 | Temple   | Entered the Ecumenical Temple
  3223 | Temple   | Became a worshipper of Warmaster Okawaru
  3405 | D:4      | Noticed angvis's ghost (novice MiBe)
  3504 | D:5      | Entered Level 5 of the Dungeon
  3523 | D:5      | Found a deep blue altar of Sif Muna.
  3771 | D:5      | Reached XP level 7. HP: 37/38 MP: 8/10
  3817 | D:5      | Found a shattered altar of Ashenzari.
  3900 | D:6      | Found a snail-covered altar of Cheibriados.
  4077 | D:6      | Reached * piety under Okawaru
  4316 | D:6      | Reached skill level 5 in Unarmed Combat
  4399 | D:6      | Reached ** piety under Okawaru
  4399 | D:6      | Reached XP level 8. HP: 17/43 MP: 7/11
  4699 | D:6      | Learned a level 1 spell: Flame Tongue
  4830 | D:6      | Reached skill level 6 in Unarmed Combat
  5452 | D:5      | Found a sparkling altar of Nemelex Xobeh.
  5453 | D:5      | Found an opulent altar of Gozag.
  5584 | D:7      | Reached skill level 1 in Conjurations
  5640 | D:7      | Reached XP level 9. HP: 48/48 MP: 9/12
  6000 | D:7      | Found a bloodstained altar of Trog.
  6128 | D:7      | Reached *** piety under Okawaru
  6497 | D:7      | Reached skill level 7 in Unarmed Combat
  6628 | D:7      | Found Munecs's Distillery.
  6635 | D:7      | Bought a potion of curing for 39 gold pieces
  7135 | D:8      | Noticed Psyche
  7182 | D:8      | Killed Psyche
  7182 | D:8      | Reached skill level 5 in Dodging
  7182 | D:8      | Reached skill level 5 in Transmutations
  7182 | D:8      | Reached skill level 1 in Fire Magic
  7504 | D:8      | Found a glowing silver altar of Zin.
  7645 | D:8      | HP: 1/51 [something (2)]
  7876 | D:9      | Reached **** piety under Okawaru
  7876 | D:9      | Reached XP level 10. HP: 17/56 MP: 8/14
  7990 | D:9      | Found a staircase to the Lair.
  7999 | D:9      | Found a staircase to the Orcish Mines.
  8013 | D:9      | Found a white marble altar of Elyvilon.
  8042 | D:9      | Annihilated by a komodo dragon

Skill      XL: |  1  2  3  4  5  6  7  8  9 10 |
---------------+-------------------------------+-----
Dodging        | 2 3 4 5 |  5.4
Transmutations | 2 3 4 5 |  5.2
Poison Magic   | 1 2 3 4 |  4.2
Stealth        | 1 2 |  2.0
Armour         | 1 2 3 |  3.4
Unarmed Combat | 4 5 6 7 |  7.3
Fighting       | 2 3 |  3.6
Conjurations   | 1 3 |  3.4
Spellcasting   | 3 |  3.2
Fire Magic     | 1 2 |  2.0
Invocations    | |  0.4

Action                   |  1- 3 |  4- 6 |  7- 9 | 10-12 || total
-------------------------+-------+-------+-------+-------++-------
Melee: Unarmed           |   160 |   214 |   406 |    16 ||   796
       Kick              |    15 |    39 |    41 |       ||    95
       Headbutt          |     7 |    16 |    28 |       ||    51
       Punch             |     1 |     2 |     3 |       ||     6
Throw: Stone             |     1 |     3 |     6 |       ||    10
 Cast: Beastly Appendage |    23 |    25 |    24 |       ||    72
       Spider Form       |     1 |     3 |    28 |     2 ||    34
       Flame Tongue      |       |       |     5 |       ||     5
       Sticks to Snakes  |       |       |       |     3 ||     3
Invok: Heroism           |       |       |     2 |     1 ||     3
  Use: Scroll            |     6 |     5 |    10 |       ||    21
       Potion            |     1 |     2 |     4 |       ||     7
 Stab: Sleeping          |       |     1 |       |       ||     1
       Distracted        |       |       |     1 |       ||     1
  Eat: Chunk             |     3 |     5 |     8 |       ||    16
       Bread ration      |       |     1 |     2 |       ||     3
       Fruit             |       |       |     1 |       ||     1
Armor: Robe              |    59 |       |       |       ||    59
       Leather armour    |       |    18 |       |       ||    18
       Skin              |       |     3 |    17 |     2 ||    22
       Troll leather arm |       |    50 |    88 |       ||   138
Dodge: Dodged            |   124 |   149 |   330 |    15 ||   618
